[ AOE2 MATCH · #505759523 ]
UnrankedMaya vs Khmer
Player's team · WIN
Rival team · LOSS
[ REPLAY ANALYSIS · EXTRACTED FROM THE RECORDED GAME ]
Feudal
9:52
Castle
22:30
Imperial
40:04
| APM avg | 33.4 |
| APM peak | 82 |
| eAPM avg | 21.0 |
| Villagers / military | 125 / 194 |
Focus
⚔️ 44.1% · 🌾 55.9%
Spearman ×113 · Plumed Archer ×38 · Eagle Scout ×16 · Archer ×11 · Trebuchet (Packed) ×10 · Monk ×4
Feudal
10:32
Castle
14:48
Imperial
46:11
| APM avg | 36.6 |
| APM peak | 70 |
| eAPM avg | 18.9 |
| Villagers / military | 133 / 198 |
Focus
⚔️ 40.0% · 🌾 60.0%
Scout Cavalry ×103 · Ballista Elephant ×54 · Knight ×12 · Scorpion ×12 · Trebuchet (Packed) ×7 · Mangonel ×5
Match map
Initial resources + every placement click. Lines = walls · curves = elevation contours. ◆ gold · ⬟ stone · ● berries · ✦ relic · ◌ wall gap
Your base· Open — 6t gap
Quilted Codpiece's base· ✓ Closed at 14:48 · 64t walls · no gate
Smoothed initial terrain · ◌ = detected wall gap · hover for details
Inputs per minute
— pabloic16 - - Quilted Codpiece
Build order — pabloic16
First 150 of 497 actions detected
| 0:00 | Research | Loom |
| 0:02 | Build | House |
| 0:03 | Build | House |
| 0:18 | Queue | Villager (Male) |
| 0:18 | Queue | Villager (Male) |
| 0:29 | Queue | Villager (Male) |
| 1:24 | Queue | Villager (Male) |
| 1:49 | Build | Lumber Camp |
| 1:50 | Queue | Villager (Male) |
| 2:10 | Queue | Villager (Male) |
| 2:46 | Queue | Villager (Male) |
| 2:59 | Queue | Villager (Male) |
| 3:29 | Queue | Villager (Male) |
| 3:55 | Build | House |
| 3:59 | Build | Mill |
| 4:00 | Queue | Villager (Male) |
| 4:01 | Queue | Villager (Male) |
| 4:16 | Queue | Villager (Male) |
| 4:42 | Queue | Villager (Male) |
| 4:54 | Queue | Villager (Male) |
| 5:24 | Queue | Villager (Male) |
| 5:24 | Queue | Villager (Male) |
| 5:45 | Queue | Villager (Male) |
| 5:56 | Build | House |
| 6:10 | Queue | Villager (Male) |
| 6:10 | Queue | Villager (Male) |
| 7:42 | Research | Feudal Age |
| 7:52 | Build | Mining Camp |
| 7:55 | Build | House |
| 8:00 | Build | House |
| 8:14 | Build | Barracks |
| 8:20 | Queue | Villager (Male) |
| 8:33 | Build | Palisade Wall |
| 8:37 | Queue | Villager (Male) |
| 9:52 | Age | Feudal Age |
| 9:56 | Build | Archery Range |
| 9:58 | Research | Double-Bit Axe |
| 10:01 | Research | Town Watch |
| 10:17 | Queue | Villager (Male) |
| 10:17 | Queue | Villager (Male) |
| 10:22 | Build | House |
| 10:23 | Build | House |
| 10:44 | Queue | Archer |
| 10:44 | Queue | Archer |
| 10:45 | Queue | Spearman |
| 10:46 | Queue | Spearman |
| 10:48 | Build | Farm |
| 11:06 | Build | Blacksmith |
| 11:09 | Queue | Archer |
| 11:26 | Build | Lumber Camp |
| 11:40 | Queue | Villager (Male) |
| 11:40 | Queue | Villager (Male) |
| 11:53 | Queue | Villager (Male) |
| 11:53 | Queue | Villager (Male) |
| 11:54 | Queue | Archer |
| 11:54 | Queue | Archer |
| 12:04 | Build | Palisade Wall |
| 12:09 | Build | Farm |
| 12:17 | Queue | Archer |
| 12:34 | Queue | Villager (Male) |
| 12:39 | Build | Farm |
| 12:44 | Build | Farm |
| 12:46 | Build | Farm |
| 12:52 | Queue | Villager (Male) |
| 13:01 | Build | Farm |
| 13:13 | Queue | Villager (Male) |
| 13:29 | Build | House |
| 13:35 | Build | House |
| 13:44 | Queue | Villager (Male) |
| 13:51 | Build | Farm |
| 13:52 | Queue | Archer |
| 13:53 | Queue | Archer |
| 13:59 | Build | Archery Range |
| 14:04 | Queue | Villager (Male) |
| 14:08 | Build | Farm |
| 14:10 | Queue | Villager (Male) |
| 14:23 | Build | Farm |
| 14:33 | Queue | Spearman |
| 14:43 | Queue | Archer |
| 14:43 | Queue | Archer |
| 14:49 | Build | Farm |
| 15:11 | Build | Farm |
| 15:24 | Build | House |
| 15:31 | Research | Wheelbarrow |
| 15:31 | Queue | Villager (Male) |
| 15:34 | Queue | Archer |
| 15:37 | Queue | Villager (Male) |
| 16:03 | Build | House |
| 16:20 | Queue | Villager (Male) |
| 16:27 | Build | Farm |
| 16:27 | Build | Farm |
| 16:27 | Build | Farm |
| 16:51 | Research | Fletching |
| 17:01 | Build | Farm |
| 17:03 | Research | Horse Collar |
| 17:47 | Queue | Villager (Male) |
| 17:47 | Queue | Villager (Male) |
| 17:47 | Queue | Villager (Male) |
| 17:57 | Build | Farm |
| 17:57 | Build | Farm |
| 18:03 | Build | Farm |
| 18:16 | Build | Farm |
| 18:20 | Build | Farm |
| 18:43 | Build | Barracks |
| 19:05 | Research | Scale Mail Armor |
| 19:50 | Research | Castle Age |
| 20:04 | Queue | Spearman |
| 20:05 | Queue | Spearman |
| 20:12 | Build | Market |
| 21:06 | Build | Farm |
| 21:17 | Research | Forging |
| 21:27 | Build | Barracks |
| 21:55 | Research | Gold Mining |
| 22:01 | Research | Padded Archer Armor |
| 22:26 | Queue | Villager (Male) |
| 22:30 | Age | Castle Age |
| 22:33 | Research | Crossbowman (upgrade) |
| 22:34 | Research | Pikeman (upgrade) |
| 22:37 | Research | Bodkin Arrow |
| 22:46 | Build | Town Center |
| 22:49 | Queue | Villager (Male) |
| 23:09 | Research | Bow Saw |
| 23:28 | Queue | Villager (Male) |
| 23:28 | Queue | Villager (Male) |
| 23:48 | Queue | Villager (Male) |
| 23:48 | Queue | Villager (Male) |
| 23:51 | Queue | Villager (Male) |
| 23:51 | Queue | Villager (Male) |
| 23:51 | Queue | Villager (Male) |
| 24:26 | Research | Eagle Warrior (upgrade) |
| 24:27 | Queue | Eagle Scout |
| 24:27 | Queue | Eagle Scout |
| 24:27 | Queue | Eagle Scout |
| 24:45 | Queue | Eagle Scout |
| 24:54 | Build | Lumber Camp |
| 24:55 | Queue | Villager (Male) |
| 24:56 | Queue | Villager (Male) |
| 24:56 | Queue | Villager (Male) |
| 25:06 | Queue | Eagle Scout |
| 25:17 | Queue | Spearman |
| 25:17 | Queue | Eagle Scout |
| 25:18 | Queue | Spearman |
| 25:18 | Queue | Eagle Scout |
| 25:18 | Queue | Spearman |
| 25:18 | Queue | Eagle Scout |
| 25:50 | Build | House |
| 25:51 | Build | House |
| 25:52 | Build | House |
| 26:16 | Research | Squires |
| 26:21 | Queue | Villager (Male) |
Build order — Quilted Codpiece
First 150 of 478 actions detected
| 0:00 | Queue | Villager (Male) |
| 0:01 | Queue | Villager (Male) |
| 0:01 | Queue | Villager (Male) |
| 0:01 | Queue | Villager (Male) |
| 0:02 | Build | House |
| 0:04 | Build | House |
| 1:33 | Queue | Villager (Male) |
| 1:59 | Queue | Villager (Male) |
| 2:28 | Queue | Villager (Male) |
| 2:30 | Build | Lumber Camp |
| 2:53 | Queue | Villager (Male) |
| 3:12 | Build | House |
| 3:15 | Queue | Villager (Male) |
| 3:36 | Queue | Villager (Male) |
| 4:05 | Queue | Villager (Male) |
| 4:27 | Queue | Villager (Male) |
| 4:47 | Build | Mill |
| 4:57 | Queue | Villager (Male) |
| 4:58 | Queue | Villager (Male) |
| 5:17 | Queue | Villager (Male) |
| 5:25 | Build | House |
| 6:09 | Queue | Villager (Male) |
| 6:42 | Queue | Villager (Male) |
| 6:43 | Queue | Villager (Male) |
| 7:00 | Build | Palisade Wall |
| 7:07 | Build | Palisade Wall |
| 7:09 | Build | Palisade Wall |
| 7:21 | Build | Mill |
| 7:26 | Queue | Villager (Male) |
| 7:26 | Queue | Villager (Male) |
| 8:05 | Build | Mining Camp |
| 8:22 | Research | Feudal Age |
| 8:51 | Build | Palisade Wall |
| 8:57 | Build | Palisade Wall |
| 9:39 | Build | Palisade Wall |
| 10:32 | Build | Farm |
| 10:32 | Age | Feudal Age |
| 10:38 | Queue | Villager (Male) |
| 11:13 | Research | Loom |
| 11:46 | Build | Farm |
| 12:08 | Research | Castle Age |
| 12:30 | Build | Lumber Camp |
| 12:58 | Research | Double-Bit Axe |
| 12:58 | Research | Double-Bit Axe |
| 13:43 | Build | Stable |
| 14:04 | Build | Farm |
| 14:06 | Build | Farm |
| 14:15 | Queue | Villager (Male) |
| 14:19 | Build | House |
| 14:40 | Research | Bloodlines |
| 14:45 | Build | Blacksmith |
| 14:48 | Age | Castle Age |
| 14:52 | Build | Farm |
| 15:10 | Build | Farm |
| 15:11 | Queue | Villager (Male) |
| 15:34 | Queue | Villager (Male) |
| 15:55 | Queue | Villager (Male) |
| 15:57 | Build | Farm |
| 15:59 | Build | Farm |
| 16:03 | Build | House |
| 16:04 | Build | House |
| 16:07 | Research | Scale Mail Armor |
| 16:16 | Research | Scale Barding Armor |
| 16:23 | Build | Farm |
| 16:29 | Build | Farm |
| 16:33 | Queue | Villager (Male) |
| 16:33 | Queue | Villager (Male) |
| 16:36 | Build | Farm |
| 16:40 | Build | Farm |
| 16:45 | Build | Farm |
| 16:52 | Queue | Knight |
| 17:04 | Queue | Villager (Male) |
| 17:11 | Build | Palisade Gate |
| 17:15 | Queue | Villager (Male) |
| 17:24 | Queue | Knight |
| 17:45 | Queue | Battle Elephant |
| 17:57 | Build | Palisade Gate |
| 18:06 | Queue | Villager (Male) |
| 18:18 | Build | Farm |
| 18:19 | Build | Farm |
| 18:27 | Build | Siege Workshop |
| 18:31 | Build | Palisade Gate |
| 18:31 | Queue | Villager (Male) |
| 18:35 | Research | Horse Collar |
| 18:56 | Queue | Villager (Male) |
| 19:10 | Queue | Villager (Male) |
| 19:13 | Build | Farm |
| 19:13 | Build | Farm |
| 19:20 | Research | Gold Mining |
| 19:36 | Queue | Villager (Male) |
| 19:50 | Research | Husbandry |
| 19:56 | Build | Farm |
| 19:57 | Build | Farm |
| 19:58 | Queue | Villager (Male) |
| 20:02 | Build | Lumber Camp |
| 20:18 | Build | House |
| 20:21 | Build | House |
| 21:01 | Queue | Knight |
| 21:01 | Queue | Knight |
| 21:02 | Queue | Villager (Male) |
| 21:03 | Queue | Villager (Male) |
| 21:13 | Queue | Scorpion |
| 21:13 | Queue | Scorpion |
| 21:19 | Research | Light Cavalry (upgrade) |
| 21:36 | Build | Monastery |
| 21:43 | Build | Lumber Camp |
| 21:46 | Queue | Villager (Male) |
| 21:49 | Queue | Scorpion |
| 21:53 | Queue | Villager (Male) |
| 22:42 | Queue | Villager (Male) |
| 22:56 | Queue | Villager (Male) |
| 23:14 | Queue | Scout Cavalry |
| 23:15 | Queue | Scout Cavalry |
| 23:15 | Queue | Scout Cavalry |
| 23:15 | Queue | Scout Cavalry |
| 23:21 | Build | House |
| 23:22 | Build | House |
| 23:23 | Build | House |
| 23:28 | Research | Bow Saw |
| 23:29 | Queue | Villager (Male) |
| 23:36 | Research | Heavy Plow |
| 23:59 | Queue | Villager (Male) |
| 24:24 | Queue | Scorpion |
| 24:40 | Queue | Villager (Male) |
| 24:41 | Queue | Villager (Male) |
| 24:43 | Queue | Scorpion |
| 24:45 | Queue | Scout Cavalry |
| 24:45 | Queue | Scout Cavalry |
| 24:49 | Research | Forging |
| 24:59 | Queue | Scorpion |
| 25:00 | Queue | Villager (Male) |
| 25:04 | Queue | Knight |
| 25:05 | Queue | Knight |
| 25:12 | Queue | Knight |
| 25:16 | Build | Mining Camp |
| 25:22 | Build | House |
| 25:23 | Build | House |
| 25:24 | Build | House |
| 25:25 | Build | House |
| 25:28 | Build | House |
| 25:29 | Build | House |
| 25:31 | Queue | Villager (Male) |
| 25:36 | Build | Stable |
| 25:59 | Queue | Scout Cavalry |
| 26:00 | Queue | Knight |
| 26:03 | Queue | Scorpion |
| 26:30 | Queue | Villager (Male) |
| 26:30 | Queue | Villager (Male) |
| 26:39 | Queue | Villager (Male) |
| 26:42 | Queue | Scout Cavalry |
Match timeline
| 7:00 | Quilted Codpiece · wall_segment Palisade Wall x11 |
| 7:07 | Quilted Codpiece · wall_segment Palisade Wall x9 |
| 7:09 | Quilted Codpiece · wall_segment Palisade Wall x10 |
| 8:14 | pabloic16 · first_building Barracks |
| 8:33 | pabloic16 · wall_segment Palisade Wall x2 |
| 8:51 | Quilted Codpiece · wall_segment Palisade Wall x8 |
| 8:57 | Quilted Codpiece · wall_segment Palisade Wall x16 |
| 9:39 | Quilted Codpiece · wall_segment Palisade Wall x10 |
| 9:52 | pabloic16 · age_up feudal |
| 9:56 | pabloic16 · first_building Archery Range |
| 10:32 | Quilted Codpiece · age_up feudal |
| 12:04 | pabloic16 · wall_segment Palisade Wall x5 |
| 13:43 | Quilted Codpiece · first_building Stable |
| 14:48 | Quilted Codpiece · age_up castle |
| 18:27 | Quilted Codpiece · first_building Siege Workshop |
| 21:36 | Quilted Codpiece · first_building Monastery |
| 22:30 | pabloic16 · age_up castle |
| 23:08 | pabloic16 · first_market_buy 100 wood |
| 26:41 | pabloic16 · first_building Siege Workshop |
| 27:32 | pabloic16 · first_building Monastery |
| 29:16 | pabloic16 · first_building Castle |
| 31:48 | pabloic16 · wall_segment Palisade Wall x9 |
| 31:56 | pabloic16 · wall_segment Palisade Wall x3 |
| 32:08 | Quilted Codpiece · wall_segment Palisade Wall x4 |
| 32:22 | Quilted Codpiece · wall_segment Palisade Wall x1 |
| 35:45 | pabloic16 · wall_segment Stone Wall x1 |
| 35:46 | pabloic16 · wall_segment Palisade Wall x1 |
| 37:10 | Quilted Codpiece · first_building Castle |
| 40:04 | pabloic16 · age_up imperial |
| 42:51 | Quilted Codpiece · first_market_buy 100 food |
| 46:11 | Quilted Codpiece · age_up imperial |
| 50:52 | Quilted Codpiece · first_market_sell 100 wood |
| 53:04 | Quilted Codpiece · resign |
[ AI ANALYSIS · 1 CREDIT ]
What really happened in this match?
Wolo.gg analyzes every decision: build order, eco, micro, common mistakes by bracket. Personalized analysis on WhatsApp or Discord in 30 seconds.
Civ guide
Maya
Perfil
pabloic16